 Dungeon Crawl Stone Soup version 0.22-a0-48-g8770677 (webtiles) character file.

38 KristoblXynda the Slasher (level 3, -2/32 HPs)
             Began as a Naga Gladiator on Jan 7, 2018.
             Slain by a hobgoblin (4 damage)
             ... on level 2 of the Dungeon.
             The game lasted 00:01:21 (508 turns).

KristoblXynda the Slasher (Naga Gladiator)           Turns: 508, Time: 00:01:22

Health: -2/32      AC:  5    Str: 16    XL:     3   Next: 43%
Magic:  3/3        EV: 10    Int:  9    God:
Gold:   79         SH:  0    Dex: 12    Spells: 2/2 levels left

rFire    . . .     SeeInvis +   a - +0 long sword
rCold    . . .     Gourm    .   (no shield)
rNeg     . . .     Faith    .   b - +0 leather armour
rPois    +         Spirit   .   j - +2 helmet
rElec    .         Reflect  .   (no cloak)
rCorr    +         Harm     .   (no gloves)
MR       .....                  (no barding)
Stlth    +.........             (no amulet)
HPRegen  0.10/turn              e - ring of resist corrosion
MPRegen  0.08/turn              (no ring)

@: short of breath, very slow
A: large, see invisible, deformed body, poison resistance, slowness 2, slow
metabolism 1, spit poison 1, AC +1
a: Spit Poison


You were on level 2 of the Dungeon.
You were not hungry.

You visited 1 branch of the dungeon, and saw 2 of its levels.

You collected 79 gold pieces.

Inventory:

Hand Weapons
 a - a +0 long sword (weapon)
Missiles
 d - 3 throwing nets (quivered)
Armour
 b - a +0 leather armour (worn)
 j - a +2 helmet (worn)
Jewellery
 e - a ring of resist corrosion (left hand)
Scrolls
 c - a scroll of identify {unknown}
 g - a scroll of teleportation {unknown}
 h - a scroll of immolation {unknown}
 k - 2 scrolls of enchant weapon {unknown}
 m - a scroll of enchant armour {unknown}
Potions
 i - a potion of heal wounds {unknown}
 l - a potion of mutation {unknown}
 n - a potion of might {unknown}
Comestibles
 f - 2 rations


   Skills:
 - Level 2.0 Fighting
 + Level 3.4 Long Blades
 - Level 2.0 Throwing
 + Level 1.0 Armour
 + Level 2.9 Dodging


You had 2 spell levels left.
You didn't know any spells.

Dungeon Overview and Level Annotations

Branches:
Dungeon (2/15)

Altars:


Innate Abilities, Weirdness & Mutations

You cannot wear boots.
Your serpentine skin is tough. (AC +1)
You have supernaturally acute eyesight. (SInv)
Armour fits poorly on your strangely shaped body.
Your system is resistant to poisons. (rPois)
You cover ground very slowly.
You have a slow metabolism.
You can spit poison.


Message History

The worm barely misses you.
The hobgoblin hits you but does no damage.
You hit the worm.
The worm is moderately wounded.
The hobgoblin hits you.
* * * LOW HITPOINT WARNING * * *
The worm bites you but does no damage. The hobgoblin closely misses you.
The hobgoblin hits you.
* * * LOW HITPOINT WARNING * * *
You see here a ring of resist corrosion.
The hobgoblin hits you.
* * * LOW HITPOINT WARNING * * *
The hobgoblin barely misses you.
You riposte.
You closely miss the hobgoblin.
Press: ? - help, Shift-Dir - straight line, f/p - worm
Aim: a worm (lightly wounded)
The splash of poison misses the hobgoblin.
The splash of poison hits the worm.
The worm is poisoned.
The worm is heavily wounded.
You feel slightly more hungry. The hobgoblin hits you.
You die...

#.# #.# #.# #.#
##.## #######.#.##
#......###.#
#.#####.#..#
#@######.#)#
#g##.<...#.#
#w##.#####.# ###
#.##.# #.#
...#.##.# #.#
#####.#=##.#####.#
#.............##.#
..###.#..........#
#...#.....†####


You could see a worm and a hobgoblin.

Vanquished Creatures
  A dart slug (D:1)
  A leopard gecko (D:2)
  4 bats (D:1)
  2 giant cockroaches (D:1)
  4 goblins (D:1)
  A hobgoblin (D:1)
  7 jackals
  3 frilled lizards
  4 kobolds
  5 rats (D:1)
32 creatures vanquished.

Notes
Turn   | Place    | Note
-------+----------+-------------------------------------------
     0 | D:1      | KristoblXynda the Naga Gladiator began the quest for the Orb.
     0 | D:1      | Reached XP level 1. HP: 19/19 MP: 1/1
    55 | D:1      | Reached XP level 2. HP: 22/26 MP: 2/2
   223 | D:1      | Reached XP level 3. HP: 17/32 MP: 3/3
   475 | D:2      | Reached skill level 1 in Armour
   508 | D:2      | Slain by a hobgoblin

Vault maps used:
D:1:      lightli_arrival_chessboard

Skill      XL: |  1  2  3 |
---------------+----------+-----
Throwing       | 2 |  2.0
Armour         | 1 |  1.0
Fighting       | |  2.0
Long Blades    | |  3.4
Dodging        | |  2.9

Action                   || total
-------------------------++-------
Melee: Long sword        ||    57
 Abil: Spit Poison       ||     6
Armor: Leather armour    ||    38
Dodge: Dodged            ||    68
       Rpst.: Long sword ||    17

Table legend:
 A = Spawn XP
 B = Non-spawn XP
 C = Spawn XP percentage of total XP
 D = Spawn monster count
 E = Non-spawn monster count
 F = Spawn count percentage of total count
 G = Total turns spent on level
                    A         B        C        D         E        F      G
               +---------+---------+-------+---------+---------+-------+---------
         Total |       0 |      55 |   0.0 |       0 |      32 |   0.0 |   508
               +---------+---------+-------+---------+---------+-------+---------
           D:1 |       0 |      43 |   0.0 |       0 |      26 |   0.0 |   436
           D:2 |       0 |      12 |   0.0 |       0 |       6 |   0.0 |    72
               +---------+---------+-------+---------+---------+-------+---------
